 Dungeon Crawl Stone Soup version 0.22.1-2-g9c5b331383 (webtiles) character file.

5429 purescai the Basher (level 10, -3/84 HPs)
             Began as a Minotaur Fighter on Dec 25, 2018.
             Was an Initiate of Ru.
             Engulfed by a cloud of flame (16 damage)
             ... on level 9 of the Dungeon.
             The game lasted 00:37:03 (5968 turns).

purescai the Basher (Minotaur Fighter)              Turns: 5968, Time: 00:37:03

Health: -3/84      AC: 18    Str: 24    XL:     10   Next: 40%
Magic:  9/9        EV:  7    Int:  5    God:    Ru [......]
Gold:   358        SH: 11    Dex: 10    Spells: 9/9 levels left

rFire    . . .     SeeInvis .   j - +5 mace (flame)
rCold    . . .     Gourm    .   c - +0 shield
rNeg     . . .     Faith    .   h - +4 plate armour
rPois    +         Spirit   .   (helmet restricted)
rElec    .         Reflect  .   g - +0 cloak
rCorr    .         Harm     .   (no gloves)
MR       .....                  (no boots)
Stlth    ..........             (no amulet)
HPRegen  0.24/turn              i - ring of poison resistance
MPRegen  0.11/turn              A - ring of stealth

@: marked, drained
A: retaliatory headbutt, horns 2
a: Sacrifice Purity, Sacrifice Love, Sacrifice Stealth, Reject Sacrifices,
Renounce Religion


You were on level 9 of the Dungeon.
You worshipped Ru.
Ru was noncommittal.
You were hungry.

You visited 2 branches of the dungeon, and saw 10 of its levels.

You collected 358 gold pieces.

Inventory:

Hand Weapons
 a - a +0 long sword
 d - a +2 scythe of flaming
 e - a +3 quarterstaff of chaos
 j - a +5 mace of flaming (weapon)
Armour
 c - a +0 shield (worn)
 g - a +0 cloak (worn)
 h - a +4 plate armour (worn)
 r - a +0 chain mail of cold resistance
 z - a +0 buckler
 C - a +0 helmet
Jewellery
 i - a ring of poison resistance (left hand)
 o - an uncursed ring of protection from cold
 A - a ring of stealth (right hand)
Wands
 w - a wand of iceblast (11)
Scrolls
 l - 5 scrolls of teleportation
 s - 4 scrolls of identify
 t - 3 scrolls of amnesia
 v - a scroll of remove curse
 x - a scroll of enchant weapon
 y - 2 scrolls of blinking
Potions
 b - 5 potions of flight
 k - a potion of curing
 n - a potion of lignification
 p - 3 potions of agility
 u - a potion of haste
 B - a potion of ambrosia {unknown}
 E - a potion of berserk rage {unknown}
Comestibles
 f - 16 rations


   Skills:
 + Level 6.4(6.1) Fighting
 - Level 2.5(2.2) Long Blades
 * Level 12.6(12.2) Maces & Flails
 + Level 7.5(7.2) Armour
 * Level 5.8(5.4) Dodging
 + Level 0.4(0.1) Stealth
 + Level 8.6(8.2) Shields


You had 9 spell levels left.
You didn't know any spells.
Your spell library contained the following spells:

 Spells                   Type           Power        Failure   Level  Hunger
 Corpse Rot               Necr           N/A          100%        2    ###....
 Sublimation of Blood     Necr           #.........   100%        2    ###....
 Agony                    Necr           #.......     100%        5    ######.
 Bolt of Draining         Conj/Necr      #.........   100%        5    ######.
 Dispel Undead            Necr           #.......     100%        5    ######.
 Excruciating Wounds      Chrm/Necr      #.........   100%        5    ######.


Dungeon Overview and Level Annotations

Branches:
Dungeon (9/15)             Temple (1/1) D:4
   Lair: D:8-11         Orc: D:9-12

Altars:
Ashenzari
Cheibriados
Dithmenos
Gozag
Makhleb
Okawaru
Qazlal
Ru
Sif Muna
Uskayaw
Wu Jian
Zin
The Shining One


Innate Abilities, Weirdness & Mutations

You reflexively headbutt those who attack you in melee.
You have a pair of horns on your head.


Message History

You cannot move.
You cannot move.
Unknown command.
You are engulfed in blazing flames.
* * * LOW HITPOINT WARNING * * *
The wight is engulfed in blazing flames.
The wight explodes!
The fiery explosion engulfs the wight.
You destroy the wight!
The fiery explosion engulfs the wight.
You destroy the wight!
A sky beast comes into view.
You feel much better.
You are engulfed in blazing flames.
You feel less wooden.
Your +0 cloak unmelds from your body.
Your +4 plate armour unmelds from your body.
The sky beast flickers out of sight!
Deactivating autopickup; reactivate with Ctrl-A.
You are engulfed in blazing flames.
You die...

#...##......#
##..K#.......#
#...z.......# .
#!#.........# ..
#.####.##..[.# ...
## ###.....# ..#
#.[...§## ##<.#
##....§§##....#
#...#§§§@)..#
#..#...§§§....#
..#.#.((§§§...#
###...#..........#
#........####....
........## ###.
.......)# #.....%


There were no monsters in sight!

Vanquished Creatures
  Harold (D:9)
  The ghost of grerr the Basher, a novice GrFi of the Shining One (D:7)
  The ghost of abdbla the Jinx, a novice SpEn (D:7)
  A troll (D:9)
  Grinder (D:4)
  Sigmund (D:3)
  An ice beast (D:7)
  An orc warrior (D:7)
  3 phantoms
  2 ogres
  A centaur (D:8)
  A crocodile (D:6)
  The ghost of Skull the Charmwright, an amateur HaSk of Wu Jian (D:3)
  Blork the orc (D:4)
  A big kobold (D:7)
  6 bullfrogs
  A water moccasin skeleton (D:8)
  15 wights
  2 crimson imps
  3 bullfrog zombies
  3 hounds
  A gnoll shaman (D:7)
  4 orc wizards
  6 orc priests
  3 jellies (D:8)
  Crazy Yiuf (D:4)
  A centaur skeleton (D:7)
  4 iguanas
  5 worker ants
  A hound zombie (D:7)
  A hound skeleton (D:9)
  A howler monkey zombie (D:9)
  A worker ant zombie (D:8)
  Robin (D:4)
  16 gnolls
  7 adders
  A shadow imp (D:6)
  7 oozes
  An adder zombie (D:8)
  An adder skeleton (D:8)
  3 worms
  5 leopard geckos
  24 orcs
  9 bats
  5 giant cockroaches
  16 goblins
  13 hobgoblins
  3 jackals
  18 kobolds
  4 quokkas
  A frilled lizard (D:1)
  A jackal zombie (D:6)
  A quokka zombie (D:6)
  4 rats
  5 fungi (D:4)
223 creatures vanquished.

Vanquished Creatures (others)
  4 withered plants (D:7)
4 creatures vanquished.

Grand Total: 227 creatures vanquished

Notes
Turn   | Place    | Note
-------+----------+-------------------------------------------
     0 | D:1      | purescai the Minotaur Fighter began the quest for the Orb.
     0 | D:1      | Reached XP level 1. HP: 19/19 MP: 0/0
   272 | D:1      | Reached XP level 2. HP: 25/27 MP: 1/1
   477 | D:1      | Reached skill level 1 in Maces & Flails
   801 | D:1      | Reached XP level 3. HP: 28/33 MP: 2/2
  1021 | D:2      | Reached skill level 2 in Maces & Flails
  1360 | D:3      | Reached XP level 4. HP: 34/40 MP: 3/3
  1368 | D:3      | Reached skill level 3 in Maces & Flails
  1490 | D:3      | Found a runed door.
  1491 | D:3      | Noticed Skull's ghost (amateur HaSk)
  1509 | D:3      | Killed Skull's ghost
  1509 | D:3      | Reached skill level 4 in Maces & Flails
  1509 | D:3      | Reached XP level 5. HP: 34/46 MP: 4/4
  1679 | D:3      | Noticed Sigmund
  1960 | D:4      | Noticed Blork the orc
  1980 | D:3      | Killed Sigmund
  1980 | D:3      | Reached skill level 6 in Maces & Flails
  1980 | D:3      | Reached skill level 5 in Shields
  1980 | D:3      | Reached XP level 6. HP: 17/52 MP: 5/5
  2184 | D:4      | Killed Blork the orc
  2238 | D:4      | Found a runed door.
  2242 | D:4      | Noticed Crazy Yiuf
  2250 | D:4      | Killed Crazy Yiuf
  2408 | D:4      | Reached XP level 7. HP: 59/59 MP: 6/6
  2439 | D:4      | Found a staircase to the Ecumenical Temple.
  2439 | D:4      | Noticed Robin
  2462 | D:4      | Reached skill level 5 in Armour
  2471 | D:4      | Killed Robin
  2500 | Temple   | Entered the Ecumenical Temple
  2521 | Temple   | Became a worshipper of Ru the Awakened
  2616 | D:4      | Reached skill level 7 in Maces & Flails
  2623 | D:4      | Noticed Grinder
  2632 | D:4      | Killed Grinder
  2632 | D:4      | Reached skill level 1 in Dodging
  2796 | D:4      | Found a stormy altar of Qazlal.
  3043 | D:5      | Entered Level 5 of the Dungeon
  3146 | D:5      | Found an opulent altar of Gozag.
  3183 | D:5      | Reached skill level 8 in Maces & Flails
  3183 | D:5      | Reached XP level 8. HP: 56/67 MP: 7/7
  3601 | D:5      | Found a glowing drain.
  4151 | D:6      | Reached skill level 9 in Maces & Flails
  4324 | D:7      | Found a runed gate.
  4324 | D:7      | Found a runed gate.
  4324 | D:7      | Found a runed gate.
  4324 | D:7      | Noticed grerr's ghost (novice GrFi)
  4324 | D:7      | Noticed abdbla's ghost (novice SpEn)
  4467 | D:7      | Reached skill level 5 in Fighting
  4617 | D:7      | Reached skill level 10 in Maces & Flails
  4617 | D:7      | Reached XP level 9. HP: 57/74 MP: 8/8
  4697 | D:7      | Found a hide-covered altar of Uskayaw.
  4700 | D:7      | Noticed a dagger
  4700 | D:7      | Noticed a dagger
  4722 | D:7      | Found a sacrificial altar of Ru.
  5001 | D:7      | Killed abdbla's ghost
  5031 | D:7      | Killed grerr's ghost
  5031 | D:7      | Reached skill level 11 in Maces & Flails
  5457 | D:8      | Reached skill level 5 in Dodging
  5580 | D:8      | Found a shattered altar of Ashenzari.
  5659 | D:8      | Found an ornate altar of the Wu Jian Council.
  5662 | D:8      | Reached XP level 10. HP: 83/83 MP: 9/9
  5665 | D:8      | Found a glowing silver altar of Zin.
  5665 | D:8      | Found an iron altar of Okawaru.
  5666 | D:8      | Found a shadowy altar of Dithmenos.
  5666 | D:8      | Found a deep blue altar of Sif Muna.
  5876 | D:9      | Reached skill level 12 in Maces & Flails
  5921 | D:9      | Noticed Harold
  5944 | D:9      | HP: 6/124 [Harold/mace (6)]
  5948 | D:9      | Killed Harold
  5955 | D:9      | HP: 3/126 [wight/halberd of freezing (7)]
  5964 | D:9      | HP: 4/126 [cloud of flame (13)]
  5968 | D:9      | Engulfed by a cloud of flame

Skill      XL: |  1  2  3  4  5  6  7  8  9 10 |
---------------+-------------------------------+-----
Armour         | 4 5 6 7 |  7.5
Shields        | 4 5 6 8 |  8.6
Maces & Flails | 1 2 4 6 8 10 11 12 | 12.6
Fighting       | 4 5 6 |  6.4
Dodging        | 1 3 5 |  5.8
Long Blades    | |  2.5
Stealth        | |  0.4

Action                   |  1- 3 |  4- 6 |  7- 9 | 10-12 || total
-------------------------+-------+-------+-------+-------++-------
Melee: Mace              |    77 |   115 |   420 |    70 ||   682
       Long sword        |     8 |       |       |       ||     8
       Headbutt          |    13 |    22 |    61 |     8 ||   104
  Use: Scroll            |     4 |     6 |    11 |     2 ||    23
       Potion            |     1 |     2 |     4 |     5 ||    12
  Eat: Chunk             |     1 |       |     4 |     1 ||     6
       Ration            |       |     1 |     2 |       ||     3
Armor: Scale mail        |     7 |       |       |       ||     7
       Plate armour      |    58 |    47 |   153 |    33 ||   291
       Skin              |       |       |    45 |    33 ||    78
Dodge: Dodged            |    12 |    18 |    61 |    25 ||   116
Block: Shield            |    47 |    41 |   197 |    58 ||   343
       Rpst.: Long sword |     1 |       |       |       ||     1
